 Dungeon Crawl Stone Soup version 0.27.1 (webtiles) character file.

Game seed: 10474032399837774978

522 shadowrider38 the Skirmisher (level 7, 0/56 HPs)
             Began as a Gnoll Wanderer on Aug 24, 2021.
             Succumbed to a water moccasin's poison
             ... on level 4 of the Dungeon.
             The game lasted 00:09:40 (5019 turns).

shadowrider38 the Skirmisher (Gnoll Wanderer)       Turns: 5019, Time: 00:09:40

Health: 0/56       AC:  9    Str: 13    XL:     7   Next: 22%
Magic:  12/12      EV:  7    Int: 12    God:
Gold:   92         SH:  0    Dex: 17    Spells: 9/13 levels left

rFire    . . .     SeeInvis .   a - +2 falchion
rCold    . . .     Faith    .   (no shield)
rNeg     . . .     Spirit   .   g - +0 chain mail
rPois    .         Reflect  .   p - +0 helmet
rElec    .         Harm     .   (no cloak)
rCorr    .         Rampage  .   (no gloves)
Will     .....                  (no boots)
Stlth    ..........             (no amulet)
HPRegen  0.18/turn              c - +6 ring of dexterity
MPRegen  0.13/turn              v - ring of wizardry

@: mighty, lethally poisoned (0 -> -2)
A: fangs 1, strong nose, distributed training
a: no special abilities


You were on level 4 of the Dungeon.
You visited 1 branch of the dungeon, and saw 4 of its levels.

You collected 92 gold pieces.

Inventory:

Hand Weapons
 a - a +2 falchion (weapon)
 B - a +1 dagger of venom
Missiles
 o - 2 boomerangs
 x - 46 stones
Armour
 g - a +0 chain mail (worn)
 p - a +0 helmet (worn)
 w - a +0 robe
Magical Staves
 i - a staff of earth
Jewellery
 c - a +6 ring of dexterity (left hand)
 q - a +4 ring of protection
 v - a ring of wizardry (right hand)
Wands
 r - a wand of flame (5) (quivered)
 z - a wand of digging (2)
Scrolls
 d - a scroll of fog {unknown}
 f - 2 scrolls of acquirement {unknown}
 h - a scroll of enchant weapon {unknown}
 j - a scroll of blinking {unknown}
 l - 2 scrolls of teleportation {unknown}
 m - a scroll of torment {unknown}
 n - a scroll of immolation {unknown}
 t - a scroll of vulnerability {unknown}
 y - 2 scrolls of identify {unknown}
Potions
 b - a potion of lignification
 e - 2 potions of might
 k - a potion of invisibility {unknown}
 s - a potion of attraction {unknown}
 u - a potion of flight {unknown}
 A - 2 potions of heal wounds {unknown}


   Skills:
 + Level 5.2 Fighting
 + Level 2.3 Short Blades
 + Level 3.5 Long Blades
 + Level 2.3 Axes
 + Level 2.3 Maces & Flails
 + Level 2.3 Polearms
 + Level 2.3 Staves
 + Level 2.3 Slings
 + Level 2.3 Bows
 + Level 2.3 Crossbows
 + Level 2.3 Throwing
 + Level 2.3 Armour
 + Level 3.5 Dodging
 + Level 3.3 Stealth
 + Level 3.5 Shields
 + Level 2.3 Unarmed Combat
 + Level 3.7 Spellcasting
 + Level 1.9 Conjurations
 + Level 1.9 Hexes
 + Level 4.2 Summonings
 + Level 1.9 Necromancy
 + Level 1.9 Translocations
 + Level 1.9 Transmutations
 + Level 1.9 Fire Magic
 + Level 1.9 Ice Magic
 + Level 1.9 Air Magic
 + Level 1.9 Earth Magic
 + Level 1.9 Poison Magic
 + Level 2.6 Invocations
 + Level 3.5 Evocations


You had 9 spell levels left.
You knew the following spells:

 Your Spells              Type           Power      Damage    Failure   Level
a - Freeze                Ice            24%        1d5       75%         1
b - Frozen Ramparts       Ice            12%        1d3       98%         3

Your spell library contained the following spells:

 Spells                   Type           Power      Damage    Failure   Level


Dungeon Overview and Level Annotations

Branches:
Dungeon (4/15)
 Temple: D:4-7

Altars:

Annotations:
D:3 1 runed translucent door, Crazy Yiuf


Innate Abilities, Weirdness & Mutations

You have very sharp teeth.
Your uncanny sense of smell can sniff out nearby items.
Your experience applies equally to all skills.


Message History

You miss the water moccasin. You bite the water moccasin.
The water moccasin is heavily wounded.
The water moccasin bites you but does no damage.
The water moccasin bites you.
* * * LOW HITPOINT WARNING * * *
You are poisoned.
The water moccasin poisons you!
Okay, then.
You barely miss the water moccasin.
The water moccasin is heavily wounded.
You feel very sick. The water moccasin barely misses you.
The water moccasin bites you.
* * * LOW HITPOINT WARNING * * *
Press: ? - help, v - describe, . - travel
Here: a water moccasin (heavily wounded)
The floor, spattered with blood.
Unknown command.
Unknown command.
You hit the water moccasin.
The water moccasin is severely wounded.
You feel sick. The water moccasin closely misses you.
You barely miss the water moccasin.
The water moccasin is severely wounded.
You feel sick.
The water moccasin bites you but does no damage. x2
Your chain mail prevents you from hitting the water moccasin.
Your bite misses the water moccasin.
The water moccasin is severely wounded.
You feel sick. The water moccasin bites you.
* * * LOW HITPOINT WARNING * * *
Okay, then.
You barely miss the water moccasin.
The water moccasin is severely wounded.
You feel sick.
The water moccasin bites you but does no damage.
The water moccasin bites you.
* * * LOW HITPOINT WARNING * * *
It was a potion of might.
You feel very mighty all of a sudden.
You die...

'.....'.....'.+...+....#
#.#####.....###...######
###...............#
..#...............#
..#..)..###.......#
..#.....# #.......#
..#.....# #......##
..#.....# ######.#
..#...... #@# ..#.|....
∆#S# ###...... #.# #.#
#.# #.. ##. .


You could see a water moccasin.

Vanquished Creatures
  Sigmund (D:4)
  Menkaure (D:4)
  Terence (D:3)
  Natasha (thrice) (D:3)
  An iguana (D:4)
  Robin (D:4)
  3 adders
  2 worms (D:2)
  4 dart slugs
  An orc (D:3)
  5 ball pythons
  9 endoplasms
  2 giant cockroaches
  15 goblins
  6 hobgoblins
  4 jackals (D:3)
  5 kobolds
  2 quokkas
  4 bats
  3 frilled lizards
  6 rats
79 creatures vanquished.

Vanquished Creatures (others)
  A fungus (D:3)
1 creature vanquished.

Grand Total: 80 creatures vanquished

Notes
Turn   | Place    | Note
-------+----------+-------------------------------------------
     0 | D:1      | shadowrider38 the Gnoll Wanderer began the quest for the
                  | Orb.
     0 | D:1      | shadowrider38 set off with the following items: a +2
                  | falchion, a potion of lignification, a +0 robe; and the
                  | following spell memorised: Freeze; and the following spells
                  | available to memorise: Frozen Ramparts
     0 | D:1      | Reached XP level 1. HP: 20/20 MP: 4/4
   119 | D:1      | Reached XP level 2. HP: 25/26 MP: 5/5
   894 | D:2      | Reached XP level 3. HP: 22/31 MP: 7/7
  1183 | D:2      | Reached skill level 1 in Invocations
  1593 | D:2      | Reached skill level 1 in Short Blades
  1593 | D:2      | Reached skill level 1 in Axes
  1593 | D:2      | Reached skill level 1 in Maces & Flails
  1593 | D:2      | Reached skill level 1 in Polearms
  1593 | D:2      | Reached skill level 1 in Staves
  1593 | D:2      | Reached skill level 1 in Slings
  1593 | D:2      | Reached skill level 1 in Bows
  1593 | D:2      | Reached skill level 1 in Crossbows
  1593 | D:2      | Reached skill level 1 in Throwing
  1593 | D:2      | Reached skill level 1 in Armour
  1593 | D:2      | Reached skill level 1 in Unarmed Combat
  1703 | D:2      | Reached XP level 4. HP: 35/38 MP: 8/8
  1854 | D:2      | Found a faded altar of an unknown god.
  2152 | D:3      | Noticed Natasha
  2178 | D:3      | Killed Natasha
  2179 | D:3      | Reached skill level 1 in Conjurations
  2179 | D:3      | Reached skill level 1 in Hexes
  2179 | D:3      | Reached skill level 1 in Necromancy
  2179 | D:3      | Reached skill level 1 in Translocations
  2179 | D:3      | Reached skill level 1 in Transmutations
  2179 | D:3      | Reached skill level 1 in Fire Magic
  2179 | D:3      | Reached skill level 1 in Ice Magic
  2179 | D:3      | Reached skill level 1 in Air Magic
  2179 | D:3      | Reached skill level 1 in Earth Magic
  2179 | D:3      | Reached skill level 1 in Poison Magic
  2464 | D:3      | Noticed Terence
  2480 | D:3      | Killed Terence
  2481 | D:3      | Reached XP level 5. HP: 32/43 MP: 9/9
  2510 | D:3      | Noticed Natasha
  2525 | D:3      | Killed Natasha
  2551 | D:3      | Noticed Natasha
  2575 | D:3      | Killed Natasha
  3281 | D:3      | Found a runed translucent door.
  3282 | D:3      | Noticed Crazy Yiuf
  3323 | D:4      | Noticed Robin
  3323 | D:4      | Noticed Menkaure
  3733 | D:1      | Learned a level 3 spell: Frozen Ramparts
  3820 | D:4      | Noticed Sigmund
  4019 | D:4      | Reached XP level 6. HP: 42/50 MP: 3/11
  4242 | D:4      | Killed Robin
  4333 | D:4      | Killed Sigmund
  4334 | D:4      | Reached skill level 5 in Fighting
  4524 | D:4      | Killed Menkaure
  4525 | D:4      | Reached XP level 7. HP: 28/56 MP: 8/12
  5018 | D:4      | HP: 1/56 [water moccasin (3)]
  5019 | D:4      | Succumbed to a water moccasin's poison

Illustrated notes

Levels and vault maps discovered:
D:1:      nzn_arrival_settlement, layout_loops_ring
D:2:      layout_rooms, shapermc_ecumenical_altar_mp_vishouse,
          minmay_misc_feat_tiny
D:3:      layout_basic, minmay_fountain_box, uniq_terence, uniq_natasha,
          uniq_crazy_yiuf_cottage
D:4:      layout_basic, hangedman_decor_opposing, uniq_robin, uniq_sigmund,
          uniq_menkaure

Skill      XL: |  1  2  3  4  5  6 |
---------------+-------------------+-----
Invocations    | 1 2 |  2.6
Short Blades   | 1 2 |  2.3
Axes           | 1 2 |  2.3
Maces & Flails | 1 2 |  2.3
Polearms       | 1 2 |  2.3
Staves         | 1 2 |  2.3
Slings         | 1 2 |  2.3
Bows           | 1 2 |  2.3
Crossbows      | 1 2 |  2.3
Throwing       | 1 2 |  2.3
Armour         | 1 2 |  2.3
Unarmed Combat | 1 2 |  2.3
Spellcasting   | 3 |  3.7
Conjurations   | 1 |  1.9
Hexes          | 1 |  1.9
Necromancy     | 1 |  1.9
Translocations | 1 |  1.9
Transmutations | 1 |  1.9
Fire Magic     | 1 |  1.9
Ice Magic      | 1 |  1.9
Air Magic      | 1 |  1.9
Earth Magic    | 1 |  1.9
Poison Magic   | 1 |  1.9
Long Blades    | 3 |  3.5
Dodging        | 3 |  3.5
Shields        | 3 |  3.5
Evocations     | 3 |  3.5
Summonings     | 4 |  4.2
Stealth        | 3 |  3.3
Fighting       | 5 |  5.2

Action                   |  1- 3 |  4- 6 |  7- 9 || total
-------------------------+-------+-------+-------++-------
Melee: Falchion          |    75 |   136 |    18 ||   229
       Bite              |     8 |    23 |     1 ||    32
       Punch             |       |     2 |       ||     2
 Cast: Freeze            |       |     3 |       ||     3
       Frozen Ramparts   |       |     4 |       ||     4
Evoke: Wand              |       |     6 |       ||     6
  Use: Potion            |       |       |     1 ||     1
 Stab: Sleeping          |       |     2 |       ||     2
Armor: Chain mail        |    29 |    67 |    12 ||   108
       Robe              |       |     2 |       ||     2
Dodge: Dodged            |    29 |    53 |     5 ||    87
       Rpst.: Falchion   |    13 |    10 |       ||    23
